[Event "AI Cup Div-2 2023"]
[Site "Online"]
[Date "2023.09.27"]
[Round "53.2"]
[White "Kuzubov, Yuriy"]
[Black "Dominguez Perez, Leinier"]
[Result "1/2-1/2"]
[ECO "D50"]
[WhiteElo "2625"]
[BlackElo "2745"]
[Annotator "TA"]
[PlyCount "47"]
[EventDate "2023.09.18"]
[EventType "k.o."]
[EventCountry "NET"]
[SourceTitle "playchess.com"]
[Source "ChessBase"]
[SourceQuality "1"]
[TimeControl "900+3"]

1. d4 Nf6 2. Nf3 d5 3. c4 e6 4. Nc3 c5 5. cxd5 cxd4 6. Qxd4 exd5 7. Bg5 Be7 8. e3 {[%emt 0:00:00] The position is equal.} O-O {[%emt 0:00:18] D50: Queen's Gambit Declined: Dutch-Peruvian Gambit.} 9. Bb5 a6 10. Ba4 Nc6 11. Qd3 Bg4 12. Bxc6 bxc6 13. Ne5 {[%emt 0:00:10][%cal Og5f6] [#] Prevents Nd7. Black must now prevent Bxf6!} (13. Nd4 $5 ) 13... Qc8 14. Bxf6 Bxf6 15. Nxg4 Qxg4 16. O-O {[%emt 0:00:03] [#]} Qb4 $146 {[%emt 0:01:17] Prevents b3.} ({Predecessor:} 16... Rfd8 17. Rac1 d4 18. Qc4 Rd6 19. Ne2 h5 20. Nxd4 Bxd4 21. exd4 Rg6 22. g3 h4 {1-0 Ngo,B (2296)-Almeida Saenz,A (2259) Charlotte CCCSA Spring IM-B 2022 (5)}) 17. Rab1 Bxc3 18. bxc3 Qa4 19. Qd2 Rfb8 20. g3 Rb5 21. Rb2 Rab8 22. Rfb1 g6 23. Rb4 Qa5 24. Kg2 {[%emt 0:00:33] An uneventful encounter.   Weighted Error Value: White=0.02 (flawless) /Black=0.01 (flawless)} 1/2-1/2

[Event "AI Cup Div-2 2023"]
[Site "Online"]
[Date "2023.09.27"]
[Round "53.3"]
[White "Dominguez Perez, Leinier"]
[Black "Kuzubov, Yuriy"]
[Result "0-1"]
[ECO "C55"]
[WhiteElo "2745"]
[BlackElo "2625"]
[Annotator "TA"]
[PlyCount "58"]
[EventDate "2023.09.18"]
[EventType "k.o."]
[EventCountry "NET"]
[SourceTitle "playchess.com"]
[Source "ChessBase"]
[SourceQuality "1"]
[TimeControl "900+3"]

1. e4 e5 2. Nf3 Nc6 3. Bc4 Be7 4. O-O Nf6 5. d3 O-O 6. Nc3 d6 7. a4 {[%emt 0:00:06] 7.a3 is setting a new trend. C55: Two Knights: 4 d3, 4 d4 exd4 5 e5 and Max Lange Attack.} Be6 8. Nd5 Bxd5 9. exd5 {[%emt 0:00:05] The position is equal.} Nb8 10. Re1 {[%emt 0:02:54] [#]} c6 $146 ({Predecessor:} 10... a5 11. d4 exd4 12. Nxd4 Re8 13. Qf3 Nbd7 14. Bb5 Bf8 15. Bg5 Re5 16. Bxd7 Rxg5 {1-0 Turner,L (1891)-De Coverly,R (1936) Witney op-A 9th 2022 (4)}) 11. dxc6 bxc6 12. Bb3 Nbd7 13. d4 e4 14. Nd2 d5 15. f3 exf3 $1 16. Nxf3 Bd6 {[%emt 0:00:06] Dodges Bf4} 17. c4 Rb8 18. Qd3 Re8 {[%emt 0:00:41] Hoping for ...Rxe1+.} 19. Rxe8+ Qxe8 20. cxd5 cxd5 21. Ba2 h6 22. Bd2 ({White should play} 22. Qc2) 22... Rxb2 $17 23. Re1 Qb8 {[%emt 0:00:09] Black is more active.} 24. Ra1 (24. Rb1 $17 {is the only way for White.}) 24... Ne4 $2 (24... Ng4 $19 {has better winning chances.} 25. h3 Nc5) 25. Bc1 $2 {[%emt 0:00:27] [#]} (25. Be1 $17 {might work better.}) 25... Ndf6 $1 26. Bxb2 (26. Bxd5 Nxd5) 26... Qxb2 27. Qf1 $2 {[%emt 0:00:04][%mdl 8192] White is weak on the dark squares} (27. Qb1 $11 Qf2+ 28. Kh1) 27... Ng4 $19 {[%emt 0:00:18] A dynamic duo of knights.} 28. Bxd5 {[%emt 0:00:08] [#]} Bxh2+ $1 {[%emt 0:00:09][%mdl 576] Deflection} 29. Nxh2 Qxd4+ {[%emt 0:00:04] Excellently played by Kuzubov!   Weighted Error Value: White=0.72/Black=0.31} 0-1

[Event "AI Cup Div-2 2023"]
[Site "Online"]
[Date "2023.09.28"]
[Round "54.1"]
[White "Andreikin, Dmitry"]
[Black "Caruana, Fabiano"]
[Result "0-1"]
[ECO "A07"]
[WhiteElo "2729"]
[BlackElo "2786"]
[Annotator "TA"]
[PlyCount "82"]
[EventDate "2023.09.18"]
[EventType "k.o."]
[EventCountry "NET"]
[SourceTitle "playchess.com"]
[Source "ChessBase"]
[SourceQuality "1"]
[TimeControl "900+3"]

1. Nf3 d5 2. g3 Nf6 3. Bg2 e6 4. O-O Be7 5. d3 a5 {[%emt 0:00:04][%cal Ba7a5,Ba5a4,Ba4a3][%mdl 32] [#]} 6. Bf4 $146 {[%emt 0:00:45] A07: Réti Opening: New York and Capablanca Systems.} ({Predecessor:} 6. a4 b6 7. Nbd2 Bb7 8. e4 dxe4 9. Ng5 Nbd7 10. Ndxe4 Nxe4 11. Nxe4 Qc8 12. Qg4 Kf8 13. Qe2 {1-0 Stukopin,A (2590)-Hevia Alejano,C (2488) American op 53rd 2017 (2)}) 6... a4 7. e4 O-O 8. e5 {[%emt 0:01:28] White is slightly better.} Nfd7 9. h4 b5 10. Nbd2 a3 11. b3 b4 12. Nh2 c5 13. Ndf3 Nc6 14. Ng4 Bb7 ({Black should play} 14... Na7 $17) 15. Qd2 Rc8 (15... h5 $5 16. Ngh2 Qc7 $15) 16. h5 h6 17. Rad1 Re8 (17... Kh7 {is interesting.} 18. Rfe1 Ba6 19. Be3 Rh8) 18. Rfe1 Bf8 19. Ngh2 f6 ({Black should try} 19... Ba6 $17) 20. exf6 $11 Qxf6 ({Resist} 20... Nxf6 21. Bh3 $16) 21. Bh3 Qf7 22. Re2 e5 $1 ({Reject} 22... Qxh5 23. Bxe6+ Rxe6 24. Rxe6 $11) 23. Bxd7 Qxd7 24. Bxe5 {[%emt 0:00:08] [#]} (24. Nxe5 $15 Nxe5 25. Bxe5) 24... d4 $1 $19 25. Qf4 Nxe5 (25... Ne7 $19 {Threatens to win with ...Nd5.} 26. Nd2 Nd5) 26. Nxe5 $11 Qd5 {[%emt 0:00:02][%csl Gb7][%cal Rd5h1] Dancing on a razor blade.} 27. f3 $1 Bd6 28. Rde1 Re7 (28... Rcd8 $5) 29. Nhg4 {[%emt 0:01:05] Excellent horsemanship.} Rce8 30. Qf5 Qe6 31. Qxe6+ Rxe6 {[%emt 0:00:00] [#]} 32. f4 {[%emt 0:00:02] [#]} (32. Kf2 $1 $16) 32... Bf3 $1 $36 {[%emt 0:00:02][%mdl 2112] aiming for ...Bxg4. Pin. Black fights for an advantage.} 33. Kf2 Bxe2 34. Rxe2 Rf8 {[%emt 0:00:15] White must now prevent ...Rf5.} 35. Kf3 Rf5 36. Ke4 (36. Rh2 $1 $11) 36... Rxh5 $17 {[%emt 0:00:08] Strongly threatening ...Bxe5. Black is more active.} 37. Kd5 Rg6 38. Rh2 $2 (38. Rg2 $17) 38... Rxh2 $19 {[%emt 0:00:04] Black is clearly winning.} 39. Nxg6 Rxc2 40. Kxd6 Rxa2 41. f5 Re2 {[%emt 0:00:05] Weighted Error Value: White=0.38/Black=0.18 (very precise)} 0-1

[Event "AI Cup Div-2 2023"]
[Site "Online"]
[Date "2023.09.28"]
[Round "54.1"]
[White "Sarana, Alexey"]
[Black "Kuzubov, Yuriy"]
[Result "1/2-1/2"]
[ECO "A42"]
[WhiteElo "2693"]
[BlackElo "2625"]
[Annotator "TA"]
[PlyCount "98"]
[EventDate "2023.09.18"]
[EventType "k.o."]
[EventCountry "NET"]
[SourceTitle "playchess.com"]
[Source "ChessBase"]
[SourceQuality "1"]
[TimeControl "900+3"]

1. d4 g6 2. e4 Bg7 3. c4 d6 4. Nc3 Nc6 5. Be3 e5 6. d5 Nd4 7. Nge2 Nxe2 8. Bxe2 f5 9. exf5 gxf5 10. f4 {[%emt 0:00:38] A42: Modern Defence: Averbakh Variation.} e4 11. Bd4 Nf6 {[%emt 0:01:01] [#]} 12. Qd2 $146 {[%emt 0:00:36] White is slightly better.} ({Predecessor:} 12. Bh5+ Kf8 13. Be2 c5 14. dxc6 bxc6 15. Qd2 Be6 16. Rd1 Rg8 17. Bc5 Ne8 18. Bxd6+ Nxd6 19. Qxd6+ Qxd6 20. Rxd6 {1-0 Kreutzkamp,H (2195)-Luebeck,S (2007) Schleswig Holstein-ch Seniors op 2014 (4)}) 12... O-O (12... Qe7 $14) 13. Nd1 {[%emt 0:00:35] White is much more active. The black rooks are badly placed.} (13. O-O-O $16) 13... c5 (13... Qe7 $14) 14. dxc6 $16 bxc6 15. Ne3 Be6 {[%emt 0:00:30] [#]} 16. O-O (16. O-O-O $1 $16) 16... a5 17. Rad1 (17. Kh1 $5 ) 17... a4 18. Kh1 d5 19. cxd5 (19. g4 $16 fxg4 20. f5) 19... Nxd5 $14 20. Bc4 Rb8 (20... Bxd4 $11 21. Qxd4 Qf6) 21. Bxd5 Bxd5 22. Bxg7 Kxg7 23. Qc3+ Kg8 24. Nc4 (24. Qa3 $14 {deserves consideration.}) 24... Rb7 {[%emt 0:02:03] Black is weak on the dark squares} 25. Rfe1 Qf6 26. Ne5 Bxa2 27. Rd4 Bd5 28. Rxa4 Rb3 29. Qd4 Qh4 {[%emt 0:00:11] Dodges Qf2} (29... Rfb8 $11) 30. Rg1 (30. Rea1 $16) 30... Qe7 (30... Qxf4 $2 31. g4 e3+ 32. Qxd5+ cxd5 33. gxf5+ Kh8 34. Rxf4 $18) (30... Rb7 $11) 31. Ra7 $16 Rb7 {[%emt 0:00:03] [#]} 32. Rxb7 ({White should try} 32. Ra3 $1 $16 Qf6 33. b4) 32... Qxb7 $11 33. h3 Rb8 34. Rb1 Qb6 {[%emt 0:00:07] The position is equal.} (34... Qg7 {keeps more tension.} 35. b4 e3 36. Rb2 Qg3) 35. Qd2 (35. Qc3 $5 Qb3 36. Qc5 $11) 35... e3 36. Qe1 Qd4 37. Qg3+ Kh8 {[%emt 0:00:01] And now ...Rg8 would win.} 38. Qg5 Qe4 39. Ra1 {[%emt 0:00:54] Threatens to win with Ra7. Some like it hot} e2 (39... Rxb2 $2 {leads to mate.} 40. Qf6+ Kg8 41. Ra8+) 40. Qf6+ Kg8 41. Qg5+ Kh8 42. Kh2 $40 {[%emt 0:00:14][%mdl 128] White is up to no good.} e1=Q 43. Qf6+ Kg8 44. Qg5+ Kh8 45. Rxe1 Qxe1 46. Qf6+ Kg8 47. Qg5+ Kh8 {[%emt 0:00:07] ...Rg8 would be deadly.} 48. Qf6+ Kg8 {[%emt 0:00:01] Hoping for ...Rb7.} 49. Qg5+ Kh8 {[%emt 0:00:04] Weighted Error Value: White=0.17 (very precise) /Black=0.20 (precise)} 1/2-1/2

[Event "AI Cup Div-2 2023"]
[Site "Online"]
[Date "2023.09.28"]
[Round "54.2"]
[White "Caruana, Fabiano"]
[Black "Andreikin, Dmitry"]
[Result "1/2-1/2"]
[ECO "B30"]
[WhiteElo "2786"]
[BlackElo "2729"]
[Annotator "TA"]
[PlyCount "259"]
[EventDate "2023.09.18"]
[EventType "k.o."]
[EventCountry "NET"]
[SourceTitle "playchess.com"]
[Source "ChessBase"]
[SourceQuality "1"]
[TimeControl "900+3"]

1. e4 c5 2. Nf3 Nc6 3. Bb5 Nf6 4. Nc3 g6 5. e5 Ng4 6. Bxc6 dxc6 7. d3 Bg7 8. Qe2 Nh6 9. Ne4 Nf5 10. c3 b6 11. O-O O-O 12. Bf4 Qd5 13. h3 Ba6 14. Rad1 Rad8 15. c4 Nd4 16. Qe3 Nxf3+ 17. Qxf3 Qd4 18. Nc3 Bxe5 19. Bxe5 Qxe5 20. Qxc6 Qb8 21. Qe4 e6 22. Qe3 Rd4 23. b3 Rfd8 24. Rd2 Bb7 25. Rfd1 e5 26. a3 Bc6 27. b4 Qd6 28. Ne2 Rh4 29. bxc5 bxc5 30. f3 Rb8 31. Qf2 Qe7 32. f4 Re8 33. fxe5 Rh5 34. d4 Rf5 35. Qe3 Rg5 36. Nf4 cxd4 37. Qxd4 Rxe5 38. Nd5 Bxd5 39. cxd5 Qxa3 40. d6 Qg3 41. Rf2 Re1+ 42. Rxe1 Rxe1+ 43. Rf1 Qe3+ 44. Qxe3 Rxe3 45. Ra1 Rd3 46. Rxa7 Rxd6 47. Kf2 Rd3 48. h4 Kg7 49. g3 Rb3 50. Kg2 Rb2+ 51. Kf3 Rb3+ 52. Kg2 Re3 53. Kf2 Re6 54. Kf3 Kf6 55. Kf2 Re7 56. Ra5 Re5 57. Ra7 Rf5+ 58. Kg2 Kg7 59. Rb7 Re5 60. Ra7 Kf8 61. Kf3 Re7 62. Ra6 Kg7 63. Kf2 Rb7 64. Kf3 Kh6 65. g4 Rb3+ 66. Kg2 Kg7 67. Rc6 Re3 68. Ra6 Re6 69. Ra7 Kf6 70. g5+ Kg7 71. Kg3 Kf8 72. Ra8+ Re8 73. Ra7 Re7 74. Ra8+ Kg7 75. Ra5 Re3+ 76. Kg2 Re4 77. Kg3 Re3+ 78. Kg2 h6 79. Rb5 hxg5 80. hxg5 Kf8 81. Kf2 Rd3 82. Re5 Rc3 83. Kg2 Ra3 84. Kf2 Rh3 85. Re1 Rh5 86. Rg1 Rh3 87. Re1 Kg7 88. Re4 Rh5 89. Rg4 $1 Kf8 90. Kf3 Ke7 91. Rg1 Ke6 92. Kg4 Rh2 93. Re1+ Kd6 94. Rd1+ Ke7 95. Re1+ Kf8 96. Re3 Rg2+ 97. Kh4 Rg1 98. Re2 $1 Ra1 99. Kg4 Ra4+ 100. Kg3 Rb4 101. Re1 Rb6 102. Kf4 Re6 103. Ra1 Rd6 104. Re1 Rd7 105. Ra1 Rd4+ 106. Kg3 Ke7 107. Re1+ Kd6 108. Rf1 Ke6 109. Re1+ Kd6 110. Rf1 Ke7 111. Re1+ Kf8 112. Re2 Rd1 113. Kg4 Rd8 114. Re1 Rd6 115. Re2 Re6 116. Ra2 Re5 117. Kf4 Rf5+ 118. Kg4 Ke7 119. Re2+ Kd6 120. Re1 $1 Kd5 121. Rd1+ Ke4 122. Re1+ Kd3 123. Re7 Kd4 124. Re1 Re5 125. Rd1+ Ke4 126. Re1+ Kd5 127. Rd1+ Ke6 128. Rf1 Re4+ 129. Kg3 Ra4 130. Rf6+ 1/2-1/2

[Event "AI Cup Div-2 2023"]
[Site "Online"]
[Date "2023.09.28"]
[Round "54.2"]
[White "Kuzubov, Yuriy"]
[Black "Sarana, Alexey"]
[Result "1-0"]
[ECO "D78"]
[WhiteElo "2625"]
[BlackElo "2693"]
[Annotator "TA"]
[PlyCount "175"]
[EventDate "2023.09.18"]
[EventType "k.o."]
[EventCountry "NET"]
[SourceTitle "playchess.com"]
[Source "ChessBase"]
[SourceQuality "1"]
[TimeControl "900+3"]

1. Nf3 d5 2. g3 g6 3. c4 c6 4. Qa4 Nd7 5. cxd5 cxd5 6. Nc3 Ngf6 7. d4 Bg7 8. Bg2 O-O 9. O-O Nb6 10. Qb3 Bf5 {[%emt 0:00:31] D78: Fianchetto Grünfeld: 6 0-0 c6.} 11. Bf4 (11. Ne5 {with more complications.} Ne4 12. a4 a5 13. Bf4) 11... Ne4 12. Rac1 {[%emt 0:00:16] [#]} Nd6 $146 (12... h6 $11 {keeps the balance.}) ({Predecessor:} 12... e6 13. h4 Rc8 14. Nb5 a6 15. Na7 Rc4 16. Ne5 Bxe5 17. dxe5 Qc7 18. Qe3 d4 {1-0 Galperin,P (2518)-Mirzoev,E (2493) Pontevedra op-A 10th 2022 (8)}) 13. Nxd5 $16 Nxd5 14. Qxd5 Be6 15. Qc5 Bxa2 16. Nd2 {[%emt 0:01:00] [#] Strongly threatening b3.} Be6 17. e3 {[%emt 0:00:11] White has more active pieces. The black rooks are badly placed.} Qd7 18. Bxd6 exd6 19. Qc7 Qb5 20. Qxb7 Rab8 21. Qxa7 Rfd8 22. b3 Qd3 23. Qa2 Rdc8 (23... d5 $16 24. Ra1 Bf8) 24. Rfe1 h5 25. Bf1 Qf5 26. Nc4 (26. Rxc8+ $18 Rxc8 27. Qb1) 26... Rd8 27. Qc2 ({Better is} 27. Bg2) 27... Qxc2 28. Rxc2 Rxb3 29. Nd2 Rb6 30. Rec1 Bf6 31. h4 Rdb8 32. Bg2 Kf8 33. Bf3 Be7 34. Kg2 Bf5 ({Black should try} 34... d5) 35. Be4 (35. Rc7 $142) 35... Be6 36. Nf3 Rb5 37. Ng1 g5 38. hxg5 Bxg5 39. Nf3 Be7 40. Rh1 Kg7 41. Nh4 Kf6 42. Bf3 Rh8 43. Rd1 Kg7 44. d5 Bc8 45. Rdc1 (45. Rd4 $18) 45... Rb8 (45... Bxh4 $16 46. Rxc8 Rxc8 47. Rxc8 Bf6) 46. Rc4 Bd7 47. Re4 (47. Rc7 $18 Rbd8 48. R1c4) 47... Bf6 (47... Bd8 $16 {was necessary.} 48. Ra1 Bc8) 48. Rc7 $18 Rbd8 49. Rb4 Kf8 (49... Bc8 {was worth a try.} 50. Rbc4 Bg5) 50. Rbb7 Bxh4 51. gxh4 ({Less strong is} 51. Rxd7 Rxd7 52. Rxd7 Be7 $18) 51... Be8 52. Kg3 Ra8 53. Rb4 Rh6 54. Be4 {[%emt 0:00:11] Against Rg6+} Rf6 55. f3 Kg7 56. Rb2 Kf8 57. Rbc2 Kg7 $2 (57... Rd8 58. Rb2 Ra8) 58. Rc8 Rxc8 59. Rxc8 {[%emt 0:00:01][%mdl 4096] Endgame KRB-KRB} Bb5 (59... Kf8 $142 60. Bd3 Ke7) 60. Rb8 Ba4 61. Kf2 Bd7 $2 (61... Rh6 62. Rb4 Bd7) 62. Rd8 {[%emt 0:00:02] White is clearly winning.} Bb5 63. f4 Bc4 64. Kg3 Bb3 65. f5 Bd1 66. Kf4 Rh6 67. Kg5 f6+ 68. Kf4 Rh8 69. Rd7+ Kf8 70. Rxd6 Ke7 71. Re6+ Kf7 72. Rb6 Ra8 73. d6 Ra4 74. d7 Ke7 {[%emt 0:00:09] [#]} 75. d8=Q+ $1 {[%emt 0:00:02][%mdl 64] Decoy} Kxd8 76. Rd6+ Ke7 77. Rxd1 {[%emt 0:00:00] KRB-KR} Ra2 78. Bf3 Ra4+ 79. e4 Ra8 80. Bxh5 Rh8 81. Bg4 Rxh4 82. Ra1 Rh2 83. Ra7+ Kf8 84. e5 Rf2+ 85. Kg3 Rb2 86. e6 {[%emt 0:00:02] White wants to mate with e7+.} Kg8 87. e7 Rb8 88. Bh5 {[%emt 0:00:06] Weighted Error Value: White=0.16 (very precise) /Black=0.29 (precise)} 1-0

[Event "AI Cup Div-2 2023"]
[Site "Online"]
[Date "2023.09.28"]
[Round "55.1"]
[White "Kuzubov, Yuriy"]
[Black "Caruana, Fabiano"]
[Result "1-0"]
[ECO "D38"]
[WhiteElo "2625"]
[BlackElo "2786"]
[Annotator "TA"]
[PlyCount "139"]
[EventDate "2023.09.18"]
[EventType "k.o."]
[EventCountry "NET"]
[SourceTitle "playchess.com"]
[Source "ChessBase"]
[SourceQuality "1"]
[TimeControl "900+3"]

1. d4 Nf6 2. Nf3 d5 3. c4 e6 4. Nc3 Bb4 5. Bg5 h6 6. Bxf6 Qxf6 7. e3 c5 8. cxd5 exd5 9. Bb5+ Bd7 {[%emt 0:00:03] D38: Queen's Gambit Declined: Ragozin Defence (4 Nf3 Bb4).} 10. Qa4 $5 {[%emt 0:01:24][%mdl 4] [#] A promising side line.} Bxb5 $146 (10... a6 $11 11. Bxd7+ Nxd7) ({Predecessor:} 10... a6 11. Bxd7+ Nxd7 12. O-O b5 13. Nxb5 Nb6 14. Nc7+ Kd8 15. Qc2 Kxc7 16. dxc5 Nc4 17. a3 Qxb2 18. Qf5 Nxa3 19. Ne5 Rhe8 20. Qxf7+ Kb8 21. Nd7+ Kb7 22. Nb6+ Kc6 23. Qd7+ Kxc5 24. Na4+ {1-0 Hesham,A (2400)-Ssegwanyi,A (2366) Africa-ch Kampala 2016 (6)}) 11. Qxb5+ $16 Qc6 {[%emt 0:00:01] White is slightly better.} 12. Qxc6+ bxc6 13. Rc1 Nd7 (13... c4 $1 $14) 14. Ke2 (14. dxc5 $16 Bxc5 15. O-O) 14... c4 15. b3 cxb3 16. axb3 Bd6 17. Na4 Rc8 (17... Nb8 $14) 18. Ne1 (18. Rc2 $16) 18... Ke7 19. Nd3 Rc7 20. Rc3 Rhc8 21. Rhc1 h5 22. h4 g6 (22... a5 $14) 23. Ra1 (23. b4 $1 $16) 23... Rb8 24. Rac1 Rbc8 $1 25. b4 $1 Ke6 26. Ra1 Rb8 (26... Kf5 $142) 27. Nac5+ Bxc5 28. bxc5 (28. Nxc5+ $6 Nxc5 29. bxc5 f6 $14) 28... Rbb7 29. Rca3 {[%emt 0:00:31] White is more active.} f6 30. Rh1 Kf7 31. Kf3 Nf8 32. Rha1 Ne6 33. Ra6 Ke7 34. R1a4 Kd7 35. Nf4 (35. g3 $18) 35... Nxf4 36. Kxf4 {[%emt 0:00:00][%mdl 4096] Endgame KRR-KRR} (36. exf4 $6 Rb3+ 37. Ke2 Rb2+ 38. Kf3 Rb3+ 39. Ke2 Rb2+ 40. Kf3 Rb3+ $11) 36... Kc8 37. f3 Kb8 38. e4 (38. g4 $16) 38... dxe4 $14 39. fxe4 Rb2 40. Ra2 Rb1 41. Rf2 (41. Ra1 $5 Rb2 42. R6a2 $14) 41... Rd1 42. Ra4 (42. Ke3 $16) 42... Rb7 (42... Re7 $11 {and Black stays safe.}) 43. Kg3 ({Only move:} 43. e5 $1 $18 Rf7 44. Ke3 Re1+ 45. Kd2) 43... Rf7 ({Black should play} 43... Re7 $1 $14) 44. e5 $1 $16 {[%emt 0:00:02] Black must now prevent e6.} Rd3+ 45. Kh2 f5 (45... Re3 $16) 46. Re2 (46. e6 $1 $18 Re7 47. Rb4+ Ka8 48. Re2) 46... Rb3 47. Ra6 Rb4 48. e6 (48. Rxc6 $16 Rxd4 49. Rxg6) 48... Re7 $14 49. Rxc6 Rxd4 50. g3 Re4 (50... Kb7 $5 51. Rd6 $8 Re4 52. Rxe4 fxe4 $14) 51. Rxe4 fxe4 $11 {[%emt 0:00:00] KR-KR} 52. Kg2 Kb7 53. Rd6 a5 54. Kf2 {[%emt 0:00:08] aiming for Ke3.} a4 55. Ke3 a3 {[%emt 0:00:02] And now ...a2 would win.} 56. Rb6+ (56. Kxe4 a2 57. Rd1 Rxe6+ 58. Kd5 Rc6 $19) (56. Rd7+ $2 Rxd7 57. exd7 Kc7 $19) 56... Ka7 $2 (56... Kc8 $11) 57. Rb3 $18 (57. Kxe4 $2 a2 58. Kd5 a1=Q $19) 57... a2 58. Ra3+ (58. Kxe4 {is a self mate.} a1=Q 59. Rb6 Rc7 60. Rd6 Rxc5 61. Rd7+ Kb6 62. Rd6+ Kb5 63. Rd5 Qh1+ 64. Kf4 Rxd5 65. g4 hxg4 66. Kxg4 Rf5 67. Kg3 Qg1+ 68. Kh3 Rf3#) 58... Kb7 59. Rxa2 ({Not} 59. Kxe4 Rxe6+ 60. Kd5 Ra6 61. c6+ Ka7 $11) 59... Rxe6 60. Rb2+ $1 Kc7 {[%emt 0:00:03] [#]} 61. Rb6 $1 Re5 (61... Re7 62. Rxg6) 62. Rxg6 Rxc5 63. Kxe4 Kd7 64. Rg5 Rxg5 65. hxg5 {[%emt 0:00:01] KPP-KP. White mates.} Ke6 66. Kf4 Ke7 {[%emt 0:00:02] [#]} 67. Ke5 $1 Kf7 68. Kf5 Kg7 69. g6 Kg8 {[%emt 0:00:04] [#]} 70. Kg5 $1 {[%emt 0:00:01] Weighted Error Value: White=0.19 (very precise) /Black=0.20 (precise)} 1-0

[Event "AI Cup Div-2 2023"]
[Site "Online"]
[Date "2023.09.28"]
[Round "55.2"]
[White "Caruana, Fabiano"]
[Black "Kuzubov, Yuriy"]
[Result "0-1"]
[ECO "D35"]
[WhiteElo "2786"]
[BlackElo "2625"]
[Annotator "TA"]
[PlyCount "92"]
[EventDate "2023.09.18"]
[EventType "k.o."]
[EventCountry "NET"]
[SourceTitle "playchess.com"]
[Source "ChessBase"]
[SourceQuality "1"]
[TimeControl "900+3"]

1. d4 Nf6 2. c4 e6 3. Nc3 d5 4. cxd5 exd5 5. Bg5 c6 6. e3 Be7 7. Bd3 Nbd7 8. Nf3 Nh5 9. Bxe7 Qxe7 10. O-O g6 {[%emt 0:00:01] D35: Queen's Gambit Declined: Exchange Variation.} 11. Re1 O-O 12. Qc2 Ndf6 {[%emt 0:00:13] The position is equal.} 13. Ne5 Ng7 14. f3 Be6 15. Qf2 Rad8 16. Bf1 {[%emt 0:00:15] [#]} h5 $146 ({Predecessor:} 16... Rfe8 17. a3 Bc8 18. b4 Ne6 19. Rad1 Nd7 20. e4 Nb6 21. exd5 Nxd5 22. Nxd5 cxd5 {1-0 Fernandez de La Vara,A (2485)-Diaz Perez,M (2460) CUB-ch Santa Clara 2022 (1)}) 17. Rad1 Nd7 18. Nd3 Qf6 19. b4 Bf5 20. e4 dxe4 21. fxe4 Bg4 22. Rd2 Qxf2+ 23. Kxf2 ({Don't play} 23. Rxf2 Nb6 $15) 23... Rfe8 24. a4 Nf8 (24... Nf6 $11) 25. d5 cxd5 26. Nxd5 {[%emt 0:00:00] [#] aiming for Nf6+.} Nd7 {[%emt 0:00:08] Prevents Nf6+} 27. Nc5 Nxc5 28. bxc5 Kf8 29. Rb2 Bc8 30. a5 Ne6 31. Rc2 (31. Nf6 $11 Re7 32. Nd5) 31... Ng5 32. Nf6 Re5 33. a6 bxa6 34. h4 Ne6 35. c6 (35. Nd5 $15) 35... Nd4 36. Rc4 Rd6 {[%emt 0:00:09][%csl LRc6,LRf6] Prevents Nd7+} 37. Nh7+ Kg7 38. Ng5 Nxc6 39. Nf3 {[%emt 0:00:02] [#]} Re8 40. e5 Rde6 41. Rc5 Bb7 42. Bc4 R6e7 43. Kg3 Rd8 44. e6 fxe6 ({Black should play} 44... Nd4 {...Nf5+ would be deadly.} 45. exf7 Rxe1 46. Nxe1 Nf5+ 47. Kh2 Rc8) 45. Ng5 (45. Rxe6 $17 Rxe6 46. Bxe6) 45... Nd4 $19 46. Rd1 $2 (46. Rxe6 Nxe6 47. Nxe6+ Rxe6 48. Bxe6) 46... Nf5+ {[%emt 0:00:13] Weighted Error Value: White=0.27 (precise) /Black=0.08 (flawless)} 0-1

[Event "AI Cup Div-2 2023"]
[Site "Online"]
[Date "2023.09.28"]
[Round "56.1"]
[White "Artemiev, Vladislav"]
[Black "Kuzubov, Yuriy"]
[Result "1-0"]
[ECO "D35"]
[WhiteElo "2697"]
[BlackElo "2625"]
[Annotator "TA"]
[PlyCount "75"]
[EventDate "2023.09.18"]
[EventType "k.o."]
[EventCountry "NET"]
[SourceTitle "playchess.com"]
[Source "ChessBase"]
[SourceQuality "1"]
[TimeControl "900+3"]

1. d4 Nf6 2. c4 e6 3. Nc3 d5 4. cxd5 exd5 5. Bf4 Bd6 6. Bxd6 {[%emt 0:00:03] D35: Queen's Gambit Declined: Exchange Variation.} Qxd6 7. e3 Bf5 8. Qf3 {[%emt 0:00:36] The position is equal.} Bg6 9. Nge2 {[%emt 0:03:58] [#]} Nc6 $146 ({Predecessor:} 9... Qb4 10. O-O-O Nbd7 11. Nf4 c6 12. h4 Nb6 13. Nd3 Qe7 14. h5 Be4 15. Qg3 O-O {½-½ Galperin,P (2528)-Sargsyan,S (2630) Sharjah Masters 6th 2023 (7)}) 10. Nf4 Ne7 11. h4 Be4 (11... O-O $11) 12. Qd1 (12. Qe2 $5) 12... h5 13. Nxe4 Nxe4 14. a3 {[%emt 0:00:36] Repels Qb4+} (14. Qb3 $5 ) 14... g6 15. Bd3 Nf6 16. Rc1 O-O 17. g3 c6 18. Kf1 Rae8 19. Kg2 Nc8 20. b4 Qd7 21. a4 a6 {[%emt 0:00:47] [#]} 22. b5 $1 axb5 23. axb5 Nd6 24. bxc6 bxc6 25. Qa4 Rc8 26. Rc2 Nf5 27. Bxf5 Qxf5 {[%emt 0:00:01] [#]} 28. Rhc1 $1 (28. Rxc6 $2 Rxc6 29. Qxc6 Rc8 $19) 28... Qe4+ 29. Kg1 Ng4 30. Rxc6 Qf3 31. Qa2 {[%emt 0:00:01] Active counter play!} (31. Rxc8 $2 Qxf2+ 32. Kh1 Qh2#) 31... Rxc6 32. Rxc6 Rb8 {[%emt 0:00:04][%cal Ob8b1] ( -> ...Rb1+!)} 33. Rc1 {[%emt 0:00:01][%cal Bc6c1,Bc1e1,Be1e3][%mdl 32] Wards off Rb1} (33. Nxd5 $2 Rb1+ 34. Qxb1 Qxf2+ 35. Kh1 Qh2#) 33... Nxe3 $2 {[%emt 0:00:10][%mdl 8192] Black cannot hold the game after this.} 34. Qa3 $18 {[%emt 0:00:01][%mdl 64] Pin. White is clearly winning.} Re8 35. Re1 {[%emt 0:00:02][%mdl 64] Pin} g5 36. hxg5 ({And not} 36. Rxe3 Rxe3 37. fxe3 (37. Qxe3 Qxe3 38. fxe3 gxf4 $11) 37... gxf4 38. gxf4 Qd1+ 39. Kf2 Qd2+ 40. Kf3 Qd1+ 41. Kg2 (41. Kf2 Qd2+ 42. Kg3 Qe1+ 43. Kg2 Qe2+ 44. Kh1 Qe1+ 45. Kg2 Qe2+ 46. Kh3 Qg4+ 47. Kh2 Qxh4+ 48. Kg2 Qg4+ 49. Kf2 Qh4+ 50. Kg2 Qg4+ 51. Kf2 Qe6 $11) 41... Qg4+ 42. Kh2 Qe2+ 43. Kh3 Qg4+ 44. Kh2 Qxh4+ 45. Kg2 Qg4+ 46. Kf2 Qe6 $11) 36... h4 37. Rxe3 ({Not} 37. fxe3 Qxg3+ 38. Kf1 Qf3+ 39. Kg1 Qg3+ 40. Kf1 Qf3+ 41. Kg1 Qg3+ $11) 37... Qd1+ 38. Kg2 {[%emt 0:00:01] Weighted Error Value: White=0.06 (flawless) /Black=0.31} 1-0